 Dungeon Crawl Stone Soup version 0.23-a0-586-gacb4b3f (webtiles) character file.

263 Leeroy the Charmwright (level 6, 0/50 HPs)
             Began as a Gnoll Skald on Dec 18, 2018.
             Succumbed to a worker ant's poison
             ... on level 4 of the Dungeon.
             The game lasted 00:07:37 (2883 turns).

Leeroy the Charmwright (Gnoll Skald)                Turns: 2883, Time: 00:07:38

Health: 0/50       AC:  5    Str: 13    XL:     6   Next: 19%
Magic:  13/13      EV: 14    Int: 23    God:
Gold:   256        SH:  0    Dex: 14    Spells: 4/15 levels left

rFire    . . .     SeeInvis .   a - +0 falchion
rCold    . . .     Gourm    .   (no shield)
rNeg     . . .     Faith    .   b - +1 leather armour
rPois    .         Spirit   .   (no helmet)
rElec    .         Reflect  .   (no cloak)
rCorr    .         Harm     .   J - +0 pair of gloves
MR       .....                  (no boots)
Stlth    ++........             (no amulet)
HPRegen  0.16/turn              (no ring)
MPRegen  0.13/turn              (no ring)

@: brilliant, lethally poisoned (0 -> -5), hasted, very quick
A: distributed training, fangs 1, strong nose
a: no special abilities


You were on level 4 of the Dungeon.
You were not hungry.

You visited 1 branch of the dungeon, and saw 4 of its levels.

You collected 256 gold pieces.

Inventory:

Hand Weapons
 a - a +0 falchion (weapon)
 e - a +0 dagger
 i - a +0 mace of protection
 r - a +0 war axe
 v - a +0 trident
Missiles
 c - 42 sling bullets
 f - 144 stones (quivered)
 l - 6 steel tomahawks
 p - 29 poisoned needles
 t - 19 arrows
 y - 38 bolts
 B - 2 throwing nets
Armour
 b - a +1 leather armour (worn)
 o - a +0 chain mail
 J - a +0 pair of gloves (worn)
Magical Staves
 F - an uncursed staff of wizardry
Jewellery
 s - an uncursed ring of ice
Wands
 E - a wand of scattershot (5)
Scrolls
 m - a scroll of remove curse
 q - a scroll of fear
 u - a scroll of teleportation
 A - a scroll of enchant armour
 D - a scroll of identify
 G - a scroll of noise {unknown}
 I - a scroll of blinking
Potions
 g - a potion of haste
 h - 4 potions of brilliance
 j - a potion of heal wounds {unknown}
 k - 2 potions of curing {unknown}
 n - a potion of resistance {unknown}
 w - a potion of might {unknown}
 x - a potion of degeneration {unknown}
 z - a potion of cancellation {unknown}
 H - a potion of lignification {unknown}
Comestibles
 d - 8 rations
 C - a chunk of flesh


   Skills:
 + Level 4.9 Fighting
 + Level 1.8 Short Blades
 + Level 4.9 Long Blades
 + Level 1.8 Axes
 + Level 1.8 Maces & Flails
 + Level 1.8 Polearms
 + Level 1.8 Staves
 + Level 1.8 Slings
 + Level 1.8 Bows
 + Level 1.8 Crossbows
 + Level 1.8 Throwing
 + Level 3.1 Armour
 + Level 4.9 Dodging
 + Level 1.8 Stealth
 + Level 1.8 Shields
 + Level 1.8 Unarmed Combat
 + Level 5.3 Spellcasting
 + Level 1.4 Conjurations
 + Level 1.4 Hexes
 + Level 5.6 Charms
 + Level 1.4 Summonings
 + Level 1.4 Necromancy
 + Level 1.4 Translocations
 + Level 1.4 Transmutations
 + Level 1.4 Fire Magic
 + Level 1.4 Ice Magic
 + Level 1.4 Air Magic
 + Level 1.4 Earth Magic
 + Level 1.4 Poison Magic
 + Level 2.0 Invocations
 + Level 1.8 Evocations


You had 4 spell levels left.
You knew the following spells:

 Your Spells              Type           Power        Failure   Level  Hunger
a - Infusion              Chrm           ####         1%          1    None
b - Song of Slaying       Chrm           #####...     1%          2    None
c - Shroud of Golubria    Chrm/Tloc      #####.....   1%          2    None
d - Regeneration          Chrm/Necr      #####.....   1%          3    ##.....
e - Spectral Weapon       Hex/Chrm       #####...     1%          3    ##.....

Your spell library contained the following spells:

 Spells                   Type           Power        Failure   Level  Hunger


Dungeon Overview and Level Annotations

Branches:
Dungeon (4/15)
 Temple: D:4-7

Altars:
Dithmenos


Innate Abilities, Weirdness & Mutations

Your experience applies equally to all skills.
You have very sharp teeth.
Your uncanny sense of smell can sniff out nearby items.


Message History

You feel sick. The worker ant misses you.
You hit the worker ant but do no damage.
You bite the worker ant, but do no damage.
The worker ant is almost dead.
You feel sick. The worker ant bites you.
* * * LOW HITPOINT WARNING * * *
You completely miss the worker ant.
The worker ant is almost dead.
You feel sick.
The worker ant bites you but does no damage.
The worker ant bites you.
* * * LOW HITPOINT WARNING * * *
Unknown command.
It was a potion of brilliance.
You feel clever all of a sudden. The worker ant bites you.
* * * LOW HITPOINT WARNING * * *
Unknown command.
It was a potion of haste.
You feel yourself speed up.
You die...

#. #..#........###
##.###.##....<...# #
##...##..............
##.................###
#.................## #
#...#..####.......####
##..#..##......#...#..
#..?....#......#......
#..#.@................
##....a#........##....
#)......###......##.....
#.......##..............
#.......................
##......................
#..#......##............
##........###...........
#..<.....##..#.......##


You could see a worker ant.

Vanquished Creatures
  A jelly (D:4)
  An iguana (D:3)
  2 orc wizards (D:3)
  A worker ant (D:4)
  4 adders
  An ooze (D:2)
  An adder skeleton (D:4)
  3 worms (D:3)
  3 dart slugs
  6 leopard geckos
  3 orcs (D:3)
  2 giant cockroaches (D:1)
  5 hobgoblins
  A quokka (D:2)
  7 bats
  3 frilled lizards
  4 goblins
  7 kobolds
  4 rats
59 creatures vanquished.

Vanquished Creatures (others)
  A spectral weapon (D:3)
1 creature vanquished.

Grand Total: 60 creatures vanquished

Notes
Turn   | Place    | Note
-------+----------+-------------------------------------------
     0 | D:1      | Leeroy the Gnoll Skald began the quest for the Orb.
     0 | D:1      | Reached XP level 1. HP: 20/20 MP: 6/6
   149 | D:1      | Reached XP level 2. HP: 22/26 MP: 7/7
   699 | D:1      | Reached XP level 3. HP: 31/31 MP: 9/9
   704 | D:1      | Reached skill level 5 in Spellcasting
   917 | D:2      | Learned a level 2 spell: Song of Slaying
   920 | D:2      | Learned a level 2 spell: Shroud of Golubria
   924 | D:2      | Learned a level 3 spell: Regeneration
   928 | D:2      | Learned a level 3 spell: Spectral Weapon
   990 | D:2      | Reached skill level 1 in Invocations
  1089 | D:2      | Reached skill level 1 in Short Blades
  1089 | D:2      | Reached skill level 1 in Axes
  1089 | D:2      | Reached skill level 1 in Maces & Flails
  1089 | D:2      | Reached skill level 1 in Polearms
  1089 | D:2      | Reached skill level 1 in Staves
  1089 | D:2      | Reached skill level 1 in Slings
  1089 | D:2      | Reached skill level 1 in Bows
  1089 | D:2      | Reached skill level 1 in Crossbows
  1089 | D:2      | Reached skill level 1 in Throwing
  1089 | D:2      | Reached skill level 1 in Stealth
  1089 | D:2      | Reached skill level 1 in Shields
  1089 | D:2      | Reached skill level 1 in Unarmed Combat
  1089 | D:2      | Reached skill level 1 in Evocations
  1134 | D:2      | Reached XP level 4. HP: 38/38 MP: 11/11
  1154 | D:2      | Found a shadowy altar of Dithmenos.
  1767 | D:3      | Reached skill level 1 in Conjurations
  1767 | D:3      | Reached skill level 1 in Hexes
  1767 | D:3      | Reached skill level 1 in Summonings
  1767 | D:3      | Reached skill level 1 in Necromancy
  1767 | D:3      | Reached skill level 1 in Translocations
  1767 | D:3      | Reached skill level 1 in Transmutations
  1767 | D:3      | Reached skill level 1 in Fire Magic
  1767 | D:3      | Reached skill level 1 in Ice Magic
  1767 | D:3      | Reached skill level 1 in Air Magic
  1767 | D:3      | Reached skill level 1 in Earth Magic
  1767 | D:3      | Reached skill level 1 in Poison Magic
  1779 | D:3      | Reached XP level 5. HP: 26/43 MP: 3/12
  2764 | D:4      | Reached XP level 6. HP: 27/50 MP: 10/13
  2882 | D:4      | HP: 1/50 [worker ant (4)]
  2883 | D:4      | Succumbed to a worker ant's poison

Vault maps used:
D:1:      mrwooster_arrival_arrow
D:2:      grunt_dithmenos_smoke_and_mirrors

Skill      XL: |  1  2  3  4  5 |
---------------+----------------+-----
Spellcasting   | 5 |  5.3
Invocations    | 1 2 |  2.0
Short Blades   | 1 |  1.8
Axes           | 1 |  1.8
Maces & Flails | 1 |  1.8
Polearms       | 1 |  1.8
Staves         | 1 |  1.8
Slings         | 1 |  1.8
Bows           | 1 |  1.8
Crossbows      | 1 |  1.8
Throwing       | 1 |  1.8
Stealth        | 1 |  1.8
Shields        | 1 |  1.8
Unarmed Combat | 1 |  1.8
Evocations     | 1 |  1.8
Conjurations   | 1 |  1.4
Hexes          | 1 |  1.4
Summonings     | 1 |  1.4
Necromancy     | 1 |  1.4
Translocations | 1 |  1.4
Transmutations | 1 |  1.4
Fire Magic     | 1 |  1.4
Ice Magic      | 1 |  1.4
Air Magic      | 1 |  1.4
Earth Magic    | 1 |  1.4
Poison Magic   | 1 |  1.4
Armour         | 3 |  3.1
Fighting       | |  4.9
Long Blades    | |  4.9
Dodging        | |  4.9
Charms         | |  5.6

Action                   |  1- 3 |  4- 6 || total
-------------------------+-------+-------++-------
Melee: Falchion          |    77 |   154 ||   231
       Bite              |    13 |    28 ||    41
       Mace              |    10 |       ||    10
Throw: Stone             |       |     1 ||     1
 Cast: Infusion          |       |     1 ||     1
       Shroud of Golubri |       |     2 ||     2
       Regeneration      |       |     2 ||     2
       Spectral Weapon   |       |     1 ||     1
  Use: Scroll            |     6 |     2 ||     8
       Potion            |       |     2 ||     2
 Stab: Sleeping          |       |     2 ||     2
  Eat: Chunk             |     1 |     6 ||     7
Armor: Leather armour    |    19 |    24 ||    43
       Chain mail        |    11 |    30 ||    41
Dodge: Dodged            |    47 |    93 ||   140
       Rpst.: Falchion   |    14 |    23 ||    37

Table legend:
 A = Non-vault XP
 B = Vault XP
 C = Vault XP percentage of total XP
 D = Non-vault monster count
 E = Vault monster count
 F = Vault count percentage of total count
                 A         B        C        D         E       F
            +---------+---------+-------+---------+---------+-------
      Total |     376 |       0 |   0.0 |      59 |       0 |   0.0
            +---------+---------+-------+---------+---------+-------
        D:1 |      38 |       0 |   0.0 |      18 |       0 |   0.0
        D:2 |      66 |       0 |   0.0 |      13 |       0 |   0.0
        D:3 |     173 |       0 |   0.0 |      24 |       0 |   0.0
        D:4 |      99 |       0 |   0.0 |       4 |       0 |   0.0
            +---------+---------+-------+---------+---------+-------
